[Event "ICC tourney 2594 (40 10)"]
[Site "Internet Chess Club"]
[Date "2021.06.05"]
[Round "4"]
[White "PULLABHOTLA, ABHINAV:Abhinac123"]
[Black "BONDALAPATI, SRI VIBHAV:Vibhu11"]
[Result "0-1"]
[ICCResult "White checkmated"]
[WhiteElo "1565"]
[BlackElo "1482"]
[Opening "QGD"]
[ECO "D52"]
[NIC "QP.08"]
[Time "17:48:03"]
[PlyCount "148"]
[TimeControl "2400+10"]

1. d4 d5 2. c4 e6 3. Nf3 c6 4. Nc3 Nf6 5. Bg5 Nbd7 6. e3 h6 7. Bh4 Be7 8.
Bd3 O-O 9. O-O b6 10. Rc1 Bb7 11. a3 c5 12. Bg3 Rc8 13. Nb5 a6 14. Nd6 Bxd6
15. Bxd6 Re8 16. Qe2 dxc4 17. Bxc4 b5 18. Ba2 c4 19. b3 Nb6 20. Bc5 cxb3
21. Bxb3 Nbd5 22. Ne5 Nd7 23. Nd3 Qg5 24. f4 Qg6 25. Ne5 Nxe5 26. Bxd5 Bxd5
27. fxe5 Bc4 28. Rxc4 bxc4 29. Qxc4 Qe4 30. Qxa6 Qxe3+ 31. Kh1 Qg5 32. Qb7
Qg6 33. a4 Rb8 34. Qf3 Rb1 35. a5 Rxf1+ 36. Qxf1 Rb8 37. Bb6 Qe4 38. h3 Rc8
39. Kh2 Qe3 40. Bc5 Qe4 41. Qf3 Qxf3 42. gxf3 f6 43. f4 Kf7 44. Kg3 f5 45.
h4 h5 46. Kf3 Ke8 47. Ke3 Kd7 48. Kd3 Kc6 49. Kc4 Ra8 50. Bb6 Rc8 51. Bc5
Rb8 52. Bb6 Ra8 53. Kc3 Kd5 54. Kd3 Ra6 55. Kd2 Ke4 56. Ke2 Kxf4 57. Kf2 g5
58. hxg5 Kxg5 59. Kg3 f4+ 60. Kf3 Kf5 61. Kg2 Kg4 62. Kf2 h4 63. Kg2 Kf5
64. Kf3 h3 65. Kf2 Ke4 66. Kg1 f3 67. Kh2 f2 68. Kxh3 f1=Q+ 69. Kh4 Kf4 70.
Kh5 Qg2 71. Kh6 Ra8 72. Kh7 Kf5 73. Bd8 Qg6+ 74. Kh8 Rxd8# { White
checkmated } 0-1

[Event "ICC tourney 2594 (40 10)"]
[Site "Internet Chess Club"]
[Date "2021.06.05"]
[Round "4"]
[White "Hanke, Harvey:ThinkingPanda"]
[Black "KASHYAP, MAHATI B:mnm1"]
[Result "1/2-1/2"]
[ICCResult "Game drawn by repetition"]
[WhiteElo "1464"]
[BlackElo "1560"]
[Opening "Sicilian: Grand Prix attack"]
[ECO "B23"]
[NIC "SI.44"]
[Time "17:47:57"]
[PlyCount "91"]
[TimeControl "2400+10"]

1. e4 c5 2. Nc3 Nc6 3. f4 d6 4. Nf3 Bg4 5. Bc4 e6 6. h3 Bxf3 7. Qxf3 Nd4 8.
Qd3 Be7 9. O-O Nf6 10. Bb5+ Nxb5 11. Qxb5+ Qd7 12. e5 dxe5 13. fxe5 a6 14.
Qe2 Nd5 15. Ne4 O-O 16. d3 b5 17. Qg4 Kh8 18. Kh1 Qc7 19. Bf4 Nxf4 20. Qxf4
Rad8 21. Rae1 Rd5 22. Ng5 Bxg5 23. Qxg5 Qb8 24. Qf4 Qb7 25. Re4 f5 26. Qg3
Qe7 27. Re2 Qc7 28. Qe3 c4 29. dxc4 Qxc4 30. a3 Rfd8 31. Rfe1 Rd4 32. Qg5
Rd1 33. Kh2 R1d7 34. Qe3 Rd5 35. Qb6 Qf4+ 36. Kh1 Rd1 37. Qxa6 Qg3 38. Qa5
h6 39. Qb4 R8d4 40. Qa5 Kh7 41. Kg1 Kg8 42. Kh1 Kh7 43. Kg1 Kg8 44. Kh1 Kh7
45. Kg1 Kg8 46. Kh1 { Game drawn by repetition } 1/2-1/2

[Event "ICC tourney 2594 (40 10)"]
[Site "Internet Chess Club"]
[Date "2021.06.05"]
[Round "4"]
[White "Gyorgy, Zalan:z88"]
[Black "RAMASWAMY, PUDUR:clair"]
[Result "1-0"]
[ICCResult "Black resigns"]
[WhiteElo "1499"]
[BlackElo "1785"]
[Opening "Robatsch (modern) defense"]
[ECO "B06"]
[NIC "KF.05"]
[Time "17:48:23"]
[PlyCount "169"]
[TimeControl "2400+10"]

1. e4 g6 2. d4 Bg7 3. Bc4 e6 4. Nf3 Ne7 5. O-O O-O 6. Be3 d5 7. Bd3 Nbc6 8.
c3 dxe4 9. Bxe4 Nd5 10. Bg5 Qd6 11. Nbd2 h6 12. Bh4 b5 13. Bd3 a6 14. Ne4
Qd7 15. Nc5 Qe8 16. Re1 g5 17. Bg3 f5 18. Be5 Nxe5 19. Nxe5 Nf4 20. Bc2 Rb8
21. Bb3 Rb6 22. a4 Bxe5 23. Rxe5 Qc6 24. f3 bxa4 25. Bxa4 Qd6 26. Rb1 Ng6
27. Re1 e5 28. Bb3+ Kg7 29. Bc4 Rd8 30. Nb3 exd4 31. Nxd4 Qc5 32. Bd3 a5
33. Kh1 Rd5 34. Re8 Bd7 35. Ra8 Nf4 36. Bc2 Bc6 37. Rc8 Bd7 38. Ra8 Bc6 39.
Rc8 Bd7 40. Rd8 Qe7 41. Ra8 c5 42. Rxa5 cxd4 43. Rxd5 Nxd5 44. Qxd4+ Kg6
45. Qxd5 Rxb2 46. Qd1 Rxb1 47. Qxb1 Qe3 48. c4 h5 49. Qd1 Kf6 50. Qd6+ Be6
51. Qd8+ Kf7 52. Qc7+ Kf8 53. Qd6+ Kf7 54. Qd1 Qc5 55. f4 g4 56. Bb3 Qe3
57. g3 Ke7 58. Qc2 Qf3+ 59. Kg1 Qe3+ 60. Kf1 Kd6 61. Qd1+ Kc5 62. Qc2 Qf3+
63. Ke1 Qh1+ 64. Kd2 Qxh2+ 65. Kc3 Qxg3+ 66. Kb2 Qxf4 67. Qe2 Qd4+ 68. Ka3
Qa1+ 69. Ba2 Qc3+ 70. Bb3 Bxc4 71. Qe7+ Kd4 72. Qd6+ Ke4 73. Qc6+ Bd5 74.
Qxc3 h4 75. Bxd5+ Kxd5 76. Qd3+ Ke5 77. Qe3+ Kf6 78. Qf4 h3 79. Kb3 Kg6 80.
Kc3 Kh5 81. Qxf5+ Kh4 82. Qf2+ g3 83. Qf4+ Kh5 84. Qxg3 h2 85. Qxh2+ {
Black resigns } 1-0

[Event "ICC tourney 2594 (40 10)"]
[Site "Internet Chess Club"]
[Date "2021.06.05"]
[Round "4"]
[White "AMBATI, JASWANT REDDY:AJRChess2011"]
[Black "CAO, RAY:rcww2020"]
[Result "1/2-1/2"]
[ICCResult "Game drawn by mutual agreement"]
[WhiteElo "1510"]
[BlackElo "1675"]
[Opening "Sicilian: Taimanov (Bastrikov) variation"]
[ECO "B47"]
[NIC "SI.40"]
[Time "17:47:57"]
[PlyCount "158"]
[TimeControl "2400+10"]

1. e4 c5 2. Nf3 e6 3. d4 cxd4 4. Nxd4 Nc6 5. Nc3 Qc7 6. Ndb5 Qb8 7. g3 a6
8. Nd4 Nf6 9. Bg2 Be7 10. O-O O-O 11. Be3 Qc7 12. Na4 b5 13. Nxc6 dxc6 14.
Nc5 Rd8 15. Qe2 Nd7 16. Nd3 Bb7 17. Qg4 Nf6 18. Qe2 c5 19. Bf4 Qb6 20. Ne5
Bd6 21. Nd3 c4 22. Bxd6 cxd3 23. cxd3 Rxd6 24. e5 Bxg2 25. Kxg2 Rdd8 26.
exf6 gxf6 27. d4 Rxd4 28. Qf3 Rb8 29. Qxf6 Rd5 30. Rad1 Rbd8 31. Rxd5 Rxd5
32. Re1 Rf5 33. Qc3 Qxf2+ 34. Kh1 Rh5 35. Qc8+ Kg7 36. Qc3+ e5 37. h4 Rf5
38. Rc1 Qf3+ 39. Qxf3 Rxf3 40. Kg2 Rd3 41. Rc2 Rd6 42. Re2 Re6 43. Kf3 f6
44. Kg4 Rd6 45. Kh5 Re6 46. Rd2 Re7 47. Rd6 e4 48. Rd1 e3 49. Kg4 e2 50.
Re1 Kg6 51. Kf3 Kh5 52. a3 a5 53. b3 Re6 54. Kf4 Kg6 55. Kf3 h5 56. Kf4 Re7
57. Kf3 Kf7 58. Rxe2 Rxe2 59. Kxe2 Ke6 60. Ke3 Ke5 61. a4 bxa4 62. bxa4 f5
63. Kd3 Kd5 64. Ke3 Kc4 65. Kf4 Kb4 66. Kxf5 Kxa4 67. g4 hxg4 68. Kxg4 Kb3
69. h5 a4 70. h6 a3 71. h7 Ka2 72. h8=Q Kb1 73. Qh7+ Kb2 74. Qh2+ Kb1 75.
Qg1+ Kb2 76. Qb6+ Ka1 77. Kf3 a2 78. Qd4+ Kb1 79. Qd1+ Kb2 { Game drawn by
mutual agreement } 1/2-1/2

[Event "ICC tourney 2594 (40 10)"]
[Site "Internet Chess Club"]
[Date "2021.06.05"]
[Round "4"]
[White "MOERLIEN, PUWIT SKY:SuperBlueSky"]
[Black "CHRISNEY, ADAM RENFRO:arenfroc"]
[Result "0-1"]
[ICCResult "White forfeits on time"]
[WhiteElo "1671"]
[BlackElo "1749"]
[Opening "Nimzo-Indian: classical variation"]
[ECO "E32"]
[NIC "NI.24"]
[Time "17:47:56"]
[PlyCount "100"]
[TimeControl "2400+10"]

1. d4 Nf6 2. c4 e6 3. Nc3 Bb4 4. Qc2 O-O 5. e4 b6 6. Bd3 Bb7 7. Nf3 Bxc3+
8. bxc3 h6 9. O-O d6 10. h3 Nbd7 11. Bf4 Qe7 12. Bh2 c5 13. e5 dxe5 14.
dxe5 Ne8 15. Be4 Bxe4 16. Qxe4 Nc7 17. Rfd1 Rfc8 18. Qe3 Nf8 19. Nd2 Rd8
20. Ne4 Ne8 21. a4 Qc7 22. f4 Qc6 23. Rxd8 Rxd8 24. Bg3 Ng6 25. a5 Ne7 26.
Qe2 Qd7 27. Bh4 Qc7 28. axb6 axb6 29. Rb1 Rb8 30. Rd1 Nf5 31. Bf2 Qc6 32.
g4 Ne7 33. Nd6 Ng6 34. Bg3 Nf8 35. Nxe8 Rxe8 36. Rd6 Qb7 37. f5 Qa8 38.
Rxb6 Qa1+ 39. Be1 Qc1 40. f6 g5 41. Rd6 Ng6 42. Rd1 Qf4 43. Rd3 Nxe5 44.
Re3 Ng6 45. Rf3 Qb8 46. Bf2 Qb1+ 47. Kg2 Nf4+ 48. Rxf4 gxf4 49. Bxc5 e5 50.
Be7 Ra8 { White forfeits on time } 0-1

[Event "ICC tourney 2594 (40 10)"]
[Site "Internet Chess Club"]
[Date "2021.06.05"]
[Round "4"]
[White "KASHYAP, MANISH B:mnm2"]
[Black "THAIN, JACK:jt1819"]
[Result "1-0"]
[ICCResult "Black resigns"]
[WhiteElo "1609"]
[BlackElo "1733"]
[Opening "Caro-Kann: classical variation"]
[ECO "B18"]
[NIC "CK.10"]
[Time "17:47:57"]
[PlyCount "99"]
[TimeControl "2400+10"]

1. e4 c6 2. d4 d5 3. Nc3 dxe4 4. Nxe4 Bf5 5. Ng3 Bg6 6. Nf3 Nd7 7. Bc4 e6
8. Bf4 Ngf6 9. O-O Be7 10. Re1 Nd5 11. Bd2 Qb6 12. Bb3 O-O 13. c4 N5f6 14.
Bc3 Rfe8 15. Qd2 Qd8 16. Rad1 c5 17. Qe2 Qc7 18. Ba4 cxd4 19. Rxd4 Red8 20.
b4 Nb6 21. Bb3 Rac8 22. c5 Nbd5 23. Bd2 b6 24. cxb6 Qxb6 25. a3 a5 26. Bxd5
Nxd5 27. bxa5 Qa7 28. Rc4 Bxa3 29. Rxc8 Rxc8 30. Ne5 Bc2 31. Nf1 Bb2 32.
Ne3 Nf4 33. Qf3 Bxe5 34. Nxc2 Rxc2 35. Bxf4 Bd4 36. Qd3 Bxf2+ 37. Kf1 Rc8
38. Rd1 h6 39. Qd7 Qc5 40. Rc1 Qf5 41. Qxc8+ Kh7 42. Qc2 Qxc2 43. Rxc2 Bd4
44. a6 e5 45. Bxe5 Ba7 46. Rc7 Bb6 47. a7 Kg6 48. a8=Q Bxc7 49. Bxc7 f6 50.
Qe4+ { Black resigns } 1-0

[Event "ICC tourney 2594 (40 10)"]
[Site "Internet Chess Club"]
[Date "2021.06.05"]
[Round "4"]
[White "RAVIND G N, RICNESH:RickyCarlsen"]
[Black "BOYINEPALLY, KIRAN:BoyinK-99"]
[Result "1-0"]
[ICCResult "Black resigns"]
[WhiteElo "1700"]
[BlackElo "1569"]
[Opening "Nimzo-Indian: classical variation"]
[ECO "E32"]
[NIC "NI.24"]
[Time "17:48:22"]
[PlyCount "87"]
[TimeControl "2400+10"]

1. d4 Nf6 2. c4 e6 3. Nc3 Bb4 4. Qc2 O-O 5. Nf3 b6 6. Bg5 Bb7 7. e3 d6 8.
Bd3 h6 9. Bh4 Nbd7 10. O-O-O Bxc3 11. Qxc3 c5 12. d5 exd5 13. cxd5 Bxd5 14.
Bb1 Qc7 15. Rhe1 Rfe8 16. Bg3 Ne5 17. e4 Bb7 18. Nh4 Rad8 19. Nf5 Bc8 20.
f4 Nc6 21. e5 dxe5 22. fxe5 Rxd1+ 23. Rxd1 Nh5 24. e6 Qb7 25. exf7+ Qxf7
26. Nd6 Nd4 27. Bd3 Nf4 28. Qc4 Nfe2+ 29. Kb1 Qxc4 30. Bxc4+ Be6 31. Bxe2
Bxa2+ 32. Kxa2 Rxe2 33. Re1 Rxg2 34. Re8+ Kh7 35. Re7 a6 36. Ne4 Nc6 37.
Rc7 Nb4+ 38. Ka3 Nc2+ 39. Kb3 Nd4+ 40. Ka2 Nc2 41. Nf6+ Kg6 42. Nd5 Nb4+
43. Nxb4 cxb4 44. Rc6+ { Black resigns } 1-0

[Event "ICC tourney 2594 (40 10)"]
[Site "Internet Chess Club"]
[Date "2021.06.05"]
[Round "4"]
[White "OPASKA, MICHAEL:mopaska1106"]
[Black "LING, CHENXUAN:UnicornMM"]
[Result "1-0"]
[ICCResult "Black checkmated"]
[WhiteElo "1898"]
[BlackElo "1045"]
[Opening "QGD Slav: 3.Nf3"]
[ECO "D11"]
[NIC "SL.01"]
[Time "17:47:55"]
[PlyCount "145"]
[TimeControl "2400+10"]

1. d4 d5 2. c4 c6 3. Nf3 Nf6 4. g3 e6 5. Bg2 dxc4 6. O-O Be7 7. a4 O-O 8.
b3 cxb3 9. Qxb3 Qd5 10. Qc2 Na6 11. Nc3 Qd8 12. Bb2 Nb4 13. Qb3 Nbd5 14.
Ne5 Bd7 15. a5 Qc7 16. Rfc1 a6 17. Nxd5 exd5 18. Bxd5 Nxd5 19. Qxd5 Be6 20.
Qf3 Rad8 21. e4 f5 22. exf5 Rxf5 23. Qe2 Bd5 24. f4 Rdf8 25. Bc3 c5 26. Bb4
g5 27. fxg5 Bxg5 28. Rxc5 Qd8 29. Qg4 h5 30. Qe2 h4 31. Rd1 h3 32. Rc3 Bg2
33. Bxf8 Rxf8 34. Qa2+ Kg7 35. Qb1 Qf6 36. Rc7+ Rf7 37. Rxf7+ Qxf7 38. Ng4
Qf3 39. Qg6+ Kxg6 40. Ne5+ Kg7 41. Nxf3 Bxf3 42. Re1 Bf6 43. Kf2 Bd5 44.
Ke3 Bd8 45. Kd3 Kf6 46. Re5 Bc6 47. Rh5 Bg2 48. Kc4 Kg6 49. Re5 Bc7 50. Re7
Bxa5 51. d5 b5+ 52. Kc5 Kf5 53. Rf7+ Ke5 54. Re7+ Kf5 55. d6 b4 56. Re3 Be4
57. d7 Bc2 58. Kd6 Bb6 59. Rf3+ Kg6 60. Rf4 a5 61. Ke7 Bc7 62. Rf6+ Kg5 63.
Rc6 b3 64. Rxc7 b2 65. d8=Q b1=Q 66. Qg8+ Bg6 67. Rc5+ Kg4 68. Qc4+ Kf3 69.
Qf4+ Kg2 70. Qd2+ Kf3 71. Rc3+ Ke4 72. Qe3+ Kf5 73. Qf4# { Black checkmated
} 1-0

[Event "ICC tourney 2594 (40 10)"]
[Site "Internet Chess Club"]
[Date "2021.06.05"]
[Round "5"]
[White "AYYAPPAN, SANTHOSH:SanthoshA"]
[Black "TREUSDELL, ROSS G:IveDoneEnough"]
[Result "1-0"]
[ICCResult "Black resigns"]
[WhiteElo "1708"]
[BlackElo "1682"]
[Opening "Sicilian: Richter-Rauzer, 6...e6"]
[ECO "B62"]
[NIC "SI.27"]
[Time "20:02:24"]
[PlyCount "53"]
[TimeControl "2400+10"]

1. e4 c5 2. Nf3 Nc6 3. d4 cxd4 4. Nxd4 Nf6 5. Nc3 d6 6. Bg5 e6 7. Be2 Be7
8. Be3 O-O 9. O-O d5 10. exd5 Nxd5 11. Nxd5 exd5 12. c3 Bf6 13. Bf3 Ne5 14.
Nb3 Be6 15. Nc5 b6 16. Nxe6 fxe6 17. Be2 Rc8 18. f4 Nc4 19. Bxc4 Rxc4 20.
Qd3 Qc7 21. f5 Qd6 22. Rad1 Rd8 23. Rd2 Ra4 24. a3 e5 25. Rfd1 d4 26. cxd4
exd4 27. Qb3+ { Black resigns } 1-0

[Event "ICC tourney 2594 (40 10)"]
[Site "Internet Chess Club"]
[Date "2021.06.05"]
[Round "5"]
[White "VATS, ATIKSH:avats"]
[Black "PULLABHOTLA, ABHINAV:Abhinac123"]
[Result "0-1"]
[ICCResult "White checkmated"]
[WhiteElo "1593"]
[BlackElo "1565"]
[Opening "Giuoco Pianissimo"]
[ECO "C50"]
[NIC "IG.02"]
[Time "20:02:31"]
[PlyCount "56"]
[TimeControl "2400+10"]

1. e4 e5 2. Nf3 Nc6 3. Bc4 Bc5 4. d3 Nf6 5. O-O d6 6. h3 h6 7. Nc3 O-O 8.
Be3 Bb6 9. a3 Be6 10. Ba2 Nd7 11. Bxb6 Nxb6 12. Re1 Bxa2 13. Nxa2 f5 14.
Nc3 Ne7 15. Qd2 Ng6 16. Re3 f4 17. Re2 Nh4 18. Nxh4 Qxh4 19. f3 Rf6 20. Qe1
Qh5 21. Rd1 Rg6 22. Kh1 Rg3 23. b3 Nd7 24. d4 exd4 25. Rxd4 Ne5 26. Qd2
Nxf3 27. gxf3 Qxh3+ 28. Rh2 Qf1# { White checkmated } 0-1

[Event "ICC tourney 2594 (40 10)"]
[Site "Internet Chess Club"]
[Date "2021.06.05"]
[Round "5"]
[White "DATTA, GAURAV D:Geebz76"]
[Black "Hanke, Harvey:ThinkingPanda"]
[Result "0-1"]
[ICCResult "White resigns"]
[WhiteElo "1462"]
[BlackElo "1464"]
[Opening "English opening"]
[ECO "A05"]
[NIC "QP.11"]
[Time "20:02:32"]
[PlyCount "60"]
[TimeControl "2400+10"]

1. Nf3 Nf6 2. c4 g6 3. b4 Bg7 4. Bb2 O-O 5. g3 d6 6. Bg2 e5 7. d3 Be6 8.
Nxe5 dxe5 9. Bxb7 Nbd7 10. Bxa8 Qxa8 11. O-O Bh3 12. f3 Bxf1 13. Qxf1 Qb7
14. b5 a6 15. a4 c6 16. Nc3 cxb5 17. axb5 axb5 18. Nxb5 Qc6 19. Ra7 Rb8 20.
Qa1 Qc5+ 21. Kg2 Re8 22. Ba3 Qe3 23. Bc1 Qxe2+ 24. Kh3 Qxd3 25. Ra8 Qf1+
26. Kh4 Qxc4+ 27. f4 Qxb5 28. Rxe8+ Nxe8 29. Qa8 Nf6 30. g4 Qe2 { White
resigns } 0-1

[Event "ICC tourney 2594 (40 10)"]
[Site "Internet Chess Club"]
[Date "2021.06.05"]
[Round "5"]
[White "NISONOFF, ROBERT:Fizz44"]
[Black "LI, EMMA:BulbasaurMaster"]
[Result "1-0"]
[ICCResult "Black resigns"]
[WhiteElo "1751"]
[BlackElo "1399"]
[Opening "Queen's bishop game"]
[ECO "D02"]
[NIC "QP.08"]
[Time "20:02:40"]
[PlyCount "73"]
[TimeControl "2400+10"]

1. d4 d5 2. Nf3 Nf6 3. Bf4 e6 4. e3 c5 5. c3 Nc6 6. Nbd2 Be7 7. h3 O-O 8.
Bd3 b6 9. O-O Bb7 10. Ne5 Bd6 11. Bg3 Qc7 12. f4 Ne7 13. Bh4 Nd7 14. Qh5
Ng6 15. Bg3 Nf6 16. Qf3 c4 17. Bc2 b5 18. e4 b4 19. Nxg6 fxg6 20. e5 bxc3
21. bxc3 Nh5 22. exd6 Qxd6 23. Qg4 Nf6 24. Qe2 Nd7 25. Rab1 Nb6 26. Qe5
Qxe5 27. fxe5 Rab8 28. Rxf8+ Rxf8 29. a4 Ba6 30. a5 Nd7 31. Ba4 Bc8 32. Bh4
Rf4 33. Be7 Rf7 34. Bd6 h6 35. Bxd7 Rxd7 36. Rb8 Rb7 37. Rxc8+ { Black
resigns } 1-0

[Event "ICC tourney 2594 (40 10)"]
[Site "Internet Chess Club"]
[Date "2021.06.05"]
[Round "5"]
[White "SHANMUGAM, MEERA:artistqueen"]
[Black "MOERLIEN, PUWIT SKY:SuperBlueSky"]
[Result "0-1"]
[ICCResult "White checkmated"]
[WhiteElo "1468"]
[BlackElo "1671"]
[Opening "Ruy Lopez: Marshall, Kevitz variation"]
[ECO "C89"]
[NIC "RL.17"]
[Time "20:02:28"]
[PlyCount "82"]
[TimeControl "2400+10"]

1. e4 e5 2. Nf3 Nc6 3. Bb5 a6 4. Ba4 Nf6 5. O-O b5 6. Bb3 Be7 7. Re1 O-O 8.
c3 d5 9. exd5 Nxd5 10. Nxe5 Nxe5 11. Rxe5 c6 12. Bxd5 cxd5 13. d4 Bd6 14.
Re3 Qh4 15. h3 Bf5 16. Qf3 Be4 17. Qg4 Qd8 18. Nd2 f5 19. Qe2 Bf4 20. Rxe4
fxe4 21. Nb3 Bd6 22. Qg4 Qf6 23. Be3 Bf4 24. Bxf4 Qxf4 25. Qe2 Rae8 26. Nc5
Qd6 27. a4 Ra8 28. b3 Rfb8 29. g3 b4 30. cxb4 Rxb4 31. Rb1 Rxd4 32. Nb7 Qc7
33. Qe3 Rd3 34. Qe2 Qxb7 35. Qc2 Rc8 36. Qb2 Qb6 37. Kg2 e3 38. fxe3 Qxe3
39. Kh1 Rd2 40. Qa1 Qf3+ 41. Kg1 Qg2# { White checkmated } 0-1

[Event "ICC tourney 2594 (40 10)"]
[Site "Internet Chess Club"]
[Date "2021.06.05"]
[Round "5"]
[White "MOSS, MARVIN:mmoss2932"]
[Black "XIAO, MARINA:marinaxiao"]
[Result "1-0"]
[ICCResult "Black checkmated"]
[WhiteElo "1614"]
[BlackElo "1481"]
[Opening "QGA: classical variation, 6.O-O"]
[ECO "D26"]
[NIC "QG.08"]
[Time "20:02:30"]
[PlyCount "85"]
[TimeControl "2400+10"]

1. d4 d5 2. c4 dxc4 3. Nf3 Nf6 4. e3 e6 5. Bxc4 c5 6. O-O Nc6 7. Nc3 cxd4
8. exd4 Be7 9. Re1 O-O 10. Bg5 a6 11. a3 b5 12. Bb3 Bb7 13. Rc1 b4 14. axb4
Nxb4 15. Na4 Qa5 16. Nc5 Bd5 17. Bxf6 Bxf6 18. Nd7 Rfd8 19. Nxf6+ gxf6 20.
Rc5 Qb6 21. Bxd5 Nxd5 22. Qc2 Qb4 23. Rc4 Qa5 24. h3 Nb6 25. Rc5 Qb4 26.
Re4 Rac8 27. Rh4 f5 28. Qc1 Rxc5 29. dxc5 Qb3 30. Qg5+ Kh8 31. Qxd8+ Kg7
32. cxb6 Qxb2 33. Qc7 Qa1+ 34. Kh2 a5 35. Qe5+ Qxe5+ 36. Nxe5 a4 37. Rxa4
f6 38. Nf3 h5 39. b7 Kg6 40. b8=Q Kh6 41. Ra7 Kg6 42. Qg8+ Kh6 43. Qg7# {
Black checkmated } 1-0

[Event "ICC tourney 2594 (40 10)"]
[Site "Internet Chess Club"]
[Date "2021.06.05"]
[Round "5"]
[White "ATLURI, PRATHIK:ChessStar22"]
[Black "BRUDNO, STEPHEN:StevChess01"]
[Result "0-1"]
[ICCResult "White checkmated"]
[WhiteElo "1432"]
[BlackElo "1576"]
[Opening "Nimzo-Indian defense"]
[ECO "E20"]
[NIC "NI.30"]
[Time "20:02:32"]
[PlyCount "218"]
[TimeControl "2400+10"]

1. d4 Nf6 2. c4 e6 3. Nc3 Bb4 4. Bd2 O-O 5. Nf3 d5 6. cxd5 exd5 7. e3 Bf5
8. a3 Be7 9. Be2 h6 10. h3 c6 11. O-O Re8 12. b4 a6 13. Na4 Nbd7 14. Bc3 b5
15. Nb2 Nb6 16. Bd3 Bxd3 17. Nxd3 Ne4 18. Rc1 Nc4 19. Bb2 f6 20. Rc2 Bd6
21. Bc1 Bc7 22. Nc5 Qd6 23. Nb7 Qe7 24. Nc5 Rab8 25. Nxa6 Rb7 26. Nxc7 Qxc7
27. Ra2 Ra7 28. Qb3 Rea8 29. Bb2 Ned2 30. Nxd2 Nxd2 31. Qd1 Nxf1 32. Qxf1
Qe7 33. Ra1 Qe4 34. Qb1 Qxb1+ 35. Rxb1 Re8 36. Rc1 Ra6 37. Rc3 Kf7 38. g4
g6 39. h4 f5 40. g5 hxg5 41. hxg5 Rh8 42. f4 Ke6 43. Kg2 Kd6 44. Rc1 Ra7
45. Rh1 Rah7 46. Rxh7 Rxh7 47. Bc1 Rb7 48. Bb2 Re7 49. Bc1 Kd7 50. Bd2 Re4
51. Bc1 Kc7 52. Kf3 Kb7 53. Bd2 Ka6 54. Be1 Re8 55. Kf2 Kb7 56. Kf3 Ra8 57.
Ke2 Rxa3 58. Bd2 Rb3 59. Kd1 Rb1+ 60. Ke2 c5 61. dxc5 Kc6 62. Kd3 Rh1 63.
Ke2 Rh2+ 64. Kd3 d4 65. exd4 Kd5 66. Ke3 Rh3+ 67. Ke2 Kxd4 68. c6 Rh2+ 69.
Kd1 Kd3 70. Be1 Rc2 71. c7 Rxc7 72. Bf2 Rc2 73. Bc5 Rh2 74. Ke1 Ke4 75. Bd6
Rb2 76. Kd1 Rf2 77. Ke1 Rxf4 78. Bxf4 Kxf4 79. Ke2 Kxg5 80. Kd3 Kg4 81. Kd4
f4 82. Kc5 f3 83. Kxb5 f2 84. Kc6 f1=Q 85. b5 Qc4+ 86. Kb6 Kf5 87. Ka5 g5
88. b6 Qc5+ 89. Ka6 Qc6 90. Ka7 g4 91. b7 Qc7 92. Ka8 Qa5+ 93. Kb8 g3 94.
Kc8 Qc5+ 95. Kd7 Qb6 96. Kc8 Qc6+ 97. Kb8 g2 98. Ka8 g1=Q 99. Kb8 Qg8+ 100.
Ka7 Qc7 101. Ka6 Qa2+ 102. Kb5 Qxb7+ 103. Kc5 Qa5+ 104. Kd4 Qbd5+ 105. Ke3
Qac5+ 106. Ke2 Qe4+ 107. Kd2 Qcd4+ 108. Kc1 Qc3+ 109. Kd1 Qee1# { White
checkmated } 0-1

[Event "ICC tourney 2594 (40 10)"]
[Site "Internet Chess Club"]
[Date "2021.06.05"]
[Round "5"]
[White "KASHYAP, MAHATI B:mnm1"]
[Black "HEBBAR, ESHAAN:solveur"]
[Result "0-1"]
[ICCResult "White checkmated"]
[WhiteElo "1560"]
[BlackElo "1677"]
[Opening "Caro-Kann: classical variation"]
[ECO "B18"]
[NIC "CK.10"]
[Time "20:02:45"]
[PlyCount "110"]
[TimeControl "2400+10"]

1. e4 c6 2. d4 d5 3. Nc3 dxe4 4. Nxe4 Bf5 5. Ng3 Bg6 6. Nf3 Nf6 7. Bf4 e6
8. Bd3 Bd6 9. Ne5 Bc7 10. c3 Nd5 11. Nxg6 hxg6 12. Bxc7 Qxc7 13. Qf3 Nd7
14. O-O-O N7f6 15. Kb1 O-O-O 16. h3 g5 17. Rhe1 Qf4 18. Qe2 g4 19. hxg4 Rh2
20. Rg1 Nxg4 21. Ne4 Ngf6 22. g3 Qh6 23. Qf3 Nxe4 24. Bxe4 Qf6 25. Bxd5
cxd5 26. Qxf6 gxf6 27. f4 Rg8 28. g4 Rh4 29. f5 Rgxg4 30. Rxg4 Rxg4 31. Rf1
e5 32. dxe5 fxe5 33. Rh1 Rf4 34. Rh5 Kd7 35. f6 Ke6 36. Kc2 Rxf6 37. Rh8
Kd7 38. Ra8 a6 39. Rb8 Kc7 40. Re8 Re6 41. Rf8 f6 42. Kd3 e4+ 43. Ke3 Kd7
44. Rb8 Kc7 45. Rf8 b6 46. b4 Kd6 47. Ra8 Ke5 48. Rxa6 f5 49. a4 f4+ 50.
Ke2 f3+ 51. Kf2 Kf4 52. a5 e3+ 53. Kf1 e2+ 54. Ke1 Ke3 55. Rxb6 f2# { White
checkmated } 0-1

[Event "ICC tourney 2594 (40 10)"]
[Site "Internet Chess Club"]
[Date "2021.06.05"]
[Round "5"]
[White "CAMPERS, WILLIE:BillietheKid"]
[Black "Li, Jingtu Oscar:ZYCON"]
[Result "1-0"]
[ICCResult "Black resigns"]
[WhiteElo "1469"]
[BlackElo "1423"]
[Opening "Sicilian defense"]
[ECO "B34"]
[NIC "SI.33"]
[Time "20:02:30"]
[PlyCount "67"]
[TimeControl "2400+10"]

1. e4 c5 2. Nf3 Nc6 3. d4 cxd4 4. Nxd4 g6 5. Bc4 Bg7 6. Be3 Nf6 7. f3 Qb6
8. Nf5 Qb4+ 9. Nd2 gxf5 10. O-O fxe4 11. fxe4 Qxb2 12. Rb1 Qa3 13. Bb3 Qa5
14. Nc4 Qd8 15. Qf3 d6 16. Rbd1 b5 17. e5 bxc4 18. exf6 Bxf6 19. Qxc6+ Bd7
20. Qxc4 Be6 21. Qe4 Bxb3 22. Rxf6 Bxc2 23. Qc6+ Kf8 24. Rxf7+ Kxf7 25.
Rf1+ Ke6 26. Qc4+ d5 27. Qxc2 Kd6 28. Qc5+ Ke6 29. Qc2 a5 30. Qf5+ Kd6 31.
Bf4+ Kc6 32. Rc1+ Kb7 33. Qb1+ Ka7 34. Be3+ { Black resigns } 1-0

[Event "ICC tourney 2594 (40 10)"]
[Site "Internet Chess Club"]
[Date "2021.06.05"]
[Round "5"]
[White "EISENMAN, KATHERINE:kgeisenman32"]
[Black "GOLI, SRIMAN:awakeflood"]
[Result "0-1"]
[ICCResult "White resigns"]
[WhiteElo "1522"]
[BlackElo "1805"]
[Opening "Queen's bishop game"]
[ECO "D02"]
[NIC "QP.08"]
[Time "20:02:40"]
[PlyCount "102"]
[TimeControl "2400+10"]

1. d4 d5 2. Nf3 Nf6 3. Bf4 c5 4. c3 Nc6 5. e3 Qb6 6. Qb3 c4 7. Qxb6 axb6 8.
Nbd2 b5 9. Ne5 Bf5 10. Be2 Nxe5 11. Bxe5 Nd7 12. Bc7 e6 13. O-O Rc8 14. Ba5
b6 15. Bb4 Bxb4 16. cxb4 Ra8 17. a3 f6 18. g4 Bg6 19. h4 h5 20. g5 fxg5 21.
hxg5 Bf5 22. Nb1 Bxb1 23. Raxb1 g6 24. f4 Nb8 25. Bd1 Nc6 26. Bc2 Kf7 27.
Rfd1 Kg7 28. Kg2 Rhf8 29. Kg3 Rad8 30. Ra1 Ra8 31. Rf1 Ra7 32. Rab1 Raf7
33. Kg2 Nxd4 34. exd4 Rxf4 35. Rxf4 Rxf4 36. Rd1 Rg4+ 37. Kf3 Rxg5 38. Rf1
h4 39. Rf2 Rg3+ 40. Ke2 g5 41. Rf3 Rg2+ 42. Rf2 Rg4 43. Ke3 Rg1 44. Ke2 g4
45. Rf1 Rg3 46. Bd1 Kh6 47. Kf2 Kg5 48. Rg1 Rxg1 49. Kxg1 Kf4 50. Kg2 g3
51. Bf3 h3+ { White resigns } 0-1

[Event "ICC tourney 2594 (40 10)"]
[Site "Internet Chess Club"]
[Date "2021.06.05"]
[Round "5"]
[White "BONDALAPATI, SRI VIBHAV:Vibhu11"]
[Black "SULTAN, BASHIR Cisse:muzikmixer"]
[Result "1-0"]
[ICCResult "Black resigns"]
[WhiteElo "1482"]
[BlackElo "1558"]
[Opening "Pirc defense"]
[ECO "B07"]
[NIC "PU.08"]
[Time "20:02:31"]
[PlyCount "83"]
[TimeControl "2400+10"]

1. e4 d6 2. d4 Nf6 3. Nd2 Nc6 4. Ngf3 e5 5. d5 Ne7 6. Bd3 g6 7. b3 Bg7 8.
Bb2 O-O 9. c4 Bh6 10. O-O Ne8 11. Rc1 f5 12. Re1 f4 13. c5 g5 14. Bc4 Ng6
15. cxd6 cxd6 16. h3 g4 17. hxg4 Bxg4 18. Be2 Bd7 19. Ba3 Kh8 20. Nc4 Bc8
21. Rc3 Rg8 22. Bf1 Bg4 23. Be2 Bc8 24. Qd3 a5 25. Bb2 b5 26. Ncd2 Ba6 27.
Rc6 Bb7 28. Rc2 Ba6 29. Rec1 b4 30. Nc4 Bg7 31. Bf1 Nh4 32. Nxh4 Qxh4 33.
Qh3 Qg5 34. Nd2 Bxf1 35. Rxf1 Nf6 36. Re1 Bh6 37. Nf3 Qg4 38. Qxg4 Nxg4 39.
Rc6 Rgd8 40. Rec1 Nf6 41. Nxe5 dxe5 42. Bxe5 { Black resigns } 1-0